 Dungeon Crawl Stone Soup version 0.19.1 (webtiles) character file.

1572 Firecrotchwizard the Cruncher (level 8, -2/78 HPs)
             Began as a Minotaur Gladiator on Dec 15, 2016.
             Was a Follower of Okawaru.
             Slain by elan's ghost (8 damage)
             ... on level 7 of the Dungeon.
             The game lasted 00:10:29 (5899 turns).

Firecrotchwizard the Cruncher (Minotaur Gladiator)  Turns: 5899, Time: 00:10:29

Health: -2/78      AC:  9    Str: 21    XL:     8   Next: 59%
Magic:  7/7        EV:  9    Int:  5    God:    Okawaru [*.....]
Gold:   261        SH:  0    Dex: 12    Spells: 0 memorised, 7 levels left

rFire  + . .     SeeInvis .     a - +0 quarterstaff
rCold  x . .     Gourm    .     L - +0 chain mail
rNeg   . . .     Faith    .     (shield currently unavailable)
rPois  +         Spirit   .     c - +0 hat
rElec  .         Reflect  .     (no cloak)
rCorr  .         Harm     .     i - +0 pair of gloves {archery}
MR     .....                    (no boots)
Stlth  ..........               (no amulet)
                                x - ring of fire
                                z - ring of poison resistance

@: no status effects
A: retaliatory headbutt, horns 2
a: Heroism, Renounce Religion


You were on level 7 of the Dungeon.
You worshipped Okawaru.
Okawaru was aware of your devotion.
You were hungry.

You visited 2 branches of the dungeon, and saw 8 of its levels.

You collected 261 gold pieces.

Inventory:

Hand Weapons
 a - a +0 quarterstaff (weapon)
 y - the +0 long sword "Lumammir" {elec, rN+}
   (You found it on level 4 of the Dungeon)

   Occasionally, upon striking a foe, it will discharge some electrical energy
   and cause terrible harm.
   It protects you from negative energy.
Missiles
 d - 3 throwing nets (quivered)
Armour
 b - a +0 leather armour
 c - a +0 hat (worn)
 g - a +0 ring mail
 i - a +0 pair of gloves of archery (worn)
 L - a +0 chain mail (worn)
Jewellery
 j - a +4 ring of intelligence
 x - a ring of fire (right hand)
 z - a ring of poison resistance (left hand)
 A - an uncursed ring of protection from cold
Wands
 u - a wand of acid (8/15)
 K - a wand of polymorph (9/24)
 M - a wand of random effects (16/48)
Scrolls
 e - 3 scrolls of remove curse
 k - 2 scrolls of enchant armour {unknown}
 p - a scroll of blinking {unknown}
 r - a scroll of noise {unknown}
 s - a scroll of fear {unknown}
 v - a scroll of enchant weapon {unknown}
 w - a scroll of immolation {unknown}
 B - 3 scrolls of magic mapping {unknown}
 C - a scroll of identify {unknown}
 D - a scroll of recharging
Potions
 m - a potion of flight {unknown}
 n - 3 potions of curing {unknown}
 o - a potion of cure mutation {unknown}
 q - a potion of magic {unknown}
 t - 2 potions of haste {unknown}
 H - a potion of might {unknown}
 I - a potion of degeneration {unknown}
 J - a potion of agility {unknown}
 N - a potion of lignification {unknown}
Books
 G - a book of Minor Magic

   Spells                             Type                      Level
   a - Magic Dart                     Conjuration                  1
   b - Blink                          Translocation                2
   c - Call Imp                       Summoning                    2
   d - Repel Missiles                 Charms/Air                   2
   e - Slow                           Hexes                        2
   f - Conjure Flame                  Conjuration/Fire             3
   g - Mephitic Cloud                 Conjuration/Poison/Air       3
Comestibles
 f - 10 bread rations
 h - 3 meat rations
 l - 7 fruits
 E - a royal jelly
 F - a beef jerky


   Skills:
 * Level 9.0 Fighting
 * Level 9.8 Staves
 - Level 2.0 Throwing
 + Level 1.9 Armour
 + Level 4.0 Dodging


You had 7 spell levels left.
You didn't know any spells.

Dungeon Overview and Level Annotations

Branches:
Dungeon (7/15)             Temple (1/1) D:6

Altars:
Ashenzari
Cheibriados
Dithmenos
Elyvilon
Fedhas
Gozag
Hepliaklqana
Kikubaaqudgha
Makhleb
Nemelex Xobeh
Okawaru
Qazlal
Ru
Sif Muna
Trog
Uskayaw
Vehumet
Xom
Zin
The Shining One

Annotations:
D:7 elan's ghost, novice DECj


Innate Abilities, Weirdness & Mutations

You reflexively headbutt those who attack you in melee.
You have a pair of horns on your head.


Message History

* * * LOW HITPOINT WARNING * * *
You closely miss elan's ghost.
Elan's ghost gestures at you while chanting.
The magic dart hits you!
* * * LOW HITPOINT WARNING * * *
Your chain mail prevents you from hitting elan's ghost.
Your headbutt misses elan's ghost. Elan's ghost casts a spell at you.
The orb of energy hits you!
* * * LOW HITPOINT WARNING * * *
You barely miss elan's ghost. You hit elan's ghost.
Your headbutt misses elan's ghost.
Elan's ghost is lightly damaged.
Elan's ghost gestures at you while chanting.
Elan's ghost conjures a prism of explosive energy!
A fulminant prism comes into view.
You hit elan's ghost but do no damage.
Elan's ghost is lightly damaged.
Elan's ghost hits you!
You die...

.. ..# ## #..# #
#...######
###......
#..†...###....$...
#....####%#<...#
.... .##
#...).##.....
.####@W........
.!.....*).#.....
##......##!.#...
###>.... ..# ..
#...... ....
.....).....#..
........#........
....#..######...#
. .#


You could see a fulminant prism and elan's ghost.

Vanquished Creatures
  A hippogriff (D:7)
  Eustachio (D:5)
  2 sky beasts (D:5)
  A black bear (D:6)
  A centaur (D:6)
  A bullfrog (D:6)
  A scorpion (D:5)
  A howler monkey (D:5)
  A crimson imp (D:5)
  4 orc priests
  3 hounds
  7 orc wizards
  An iguana (D:6)
  3 worker ants
  A hound skeleton (D:4)
  6 adders
  A shadow imp (D:5)
  An ooze (D:4)
  An adder skeleton (D:5)
  4 worms
  A dart slug (D:5)
  3 leopard geckos
  26 orcs
  4 bats
  7 giant cockroaches
  7 goblins
  7 hobgoblins
  11 jackals
  8 kobolds
  2 quokkas
  A ball python (D:2)
  3 frilled lizards
  2 jackal skeletons (D:5)
  A leopard gecko skeleton (D:4)
  2 rats (D:2)
127 creatures vanquished.

Notes
Turn   | Place    | Note
-------+----------+-------------------------------------------
     0 | D:1      | Firecrotchwizard the Minotaur Gladiator began the quest for the Orb.
     0 | D:1      | Reached XP level 1. HP: 18/18 MP: 0/0
   180 | D:1      | Reached XP level 2. HP: 22/26 MP: 1/1
   713 | D:2      | Reached XP level 3. HP: 30/31 MP: 2/2
   715 | D:2      | Found a snail-covered altar of Cheibriados.
  1282 | D:2      | Found a blossoming altar of Fedhas.
  1285 | D:2      | Found an ancient bone altar of Kikubaaqudgha.
  1595 | D:3      | Reached XP level 4. HP: 40/40 MP: 3/3
  1605 | D:3      | Reached skill level 5 in Staves
  2333 | D:4      | Reached XP level 5. HP: 33/47 MP: 4/4
  2524 | D:4      | Reached skill level 5 in Fighting
  2786 | D:4      | Found a sacrificial altar of Ru.
  2786 | D:4      | Found a hide-covered altar of Uskayaw.
  2786 | D:4      | Found an opulent altar of Gozag.
  3096 | D:4      | Got a warped long sword
  3097 | D:4      | Identified the +0 long sword "Lumammir" {elec, rN+} (You found it on level 4 of the Dungeon)
  3305 | D:5      | Entered Level 5 of the Dungeon
  3349 | D:5      | Reached XP level 6. HP: 38/56 MP: 5/5
  3489 | D:5      | Noticed a sky beast
  3506 | D:5      | Killed a sky beast
  3667 | D:5      | Noticed a sky beast
  3674 | D:5      | Killed a sky beast
  3713 | D:5      | Noticed Eustachio
  3731 | D:5      | Killed Eustachio
  3731 | D:5      | Reached XP level 7. HP: 53/64 MP: 6/6
  4596 | D:6      | Found a staircase to the Ecumenical Temple.
  4605 | Temple   | Entered the Ecumenical Temple
  4617 | Temple   | Became a worshipper of Warmaster Okawaru
  4911 | D:6      | Reached XP level 8. HP: 74/74 MP: 7/7
  5247 | D:6      | Found a radiant altar of Vehumet.
  5687 | D:7      | Reached * piety under Okawaru
  5687 | D:7      | Reached skill level 1 in Armour
  5736 | D:7      | Noticed a hippogriff
  5748 | D:7      | Killed a hippogriff
  5891 | D:7      | Noticed elan's ghost (novice DECj)
  5899 | D:7      | Slain by elan's ghost

Skill      XL: |  1  2  3  4  5  6  7  8 |
---------------+-------------------------+-----
Fighting       | 3 4 5 6 8 9 |  9.0
Staves         | 4 5 6 7 8 9 |  9.8
Armour         | 1 |  1.9
Dodging        | 4 |  4.0
Throwing       | |  2.0

Action                   |  1- 3 |  4- 6 |  7- 9 || total
-------------------------+-------+-------+-------++-------
Melee: Quarterstaff      |    67 |   137 |   128 ||   332
       Headbutt          |    13 |    25 |    20 ||    58
  Use: Scroll            |     2 |       |       ||     2
  Eat: Chunk             |     1 |     7 |     6 ||    14
       Fruit             |       |     1 |       ||     1
Armor: Ring mail         |    24 |    58 |    28 ||   110
       Chain mail        |       |       |    20 ||    20
Dodge: Dodged            |    49 |    88 |    52 ||   189
